 Dungeon Crawl Stone Soup version 0.31-a0-18-gea43df2 (webtiles) character file.

Game seed: 4425257481963586536

14 Nithhogg the Trooper (level 2, -19/27 HPs)
             Began as a Hill Orc Fighter on May 8, 2023.
             Engulfed by a cloud of flame (28 damage)
             ... on level 2 of the Dungeon.
             The game lasted 00:00:49 (412 turns).

Nithhogg the Trooper (Hill Orc Fighter)              Turns: 412, Time: 00:00:49

Health: -19/27     AC:  7    Str: 18    XL:     2   Next: 45%
Magic:  2/2        EV:  9    Int:  8    God:
Gold:   63         SH:  0    Dex: 10    Spells: 1/1 levels left

rFire   . . .        a - +0 war axe
rCold   . . .        (no shield)
rNeg    . . .        b - +1 scale mail
rPois   .            (no helmet)
rElec   .            (no cloak)
rCorr   .            (no gloves)
SInv    .            (no boots)
Will    .....        (no amulet) Stlth
                     (no ring)
HPRegen 0.24/turn    (no ring)
MPRegen 0.08/turn

%: no passive effects
@: about to teleport
A: no striking features
a: no special abilities


You were on level 2 of the Dungeon.
You visited 1 branch of the dungeon, and saw 2 of its levels.

You collected 63 gold pieces.

Inventory:

Hand Weapons
 a - a +0 war axe (weapon)
Armour
 b - a +1 scale mail (worn)
 c - a +0 buckler
Potions
 d - a potion of might
 f - 2 potions of flight {unknown}
 i - 2 potions of mutation {unknown}


   Skills:
 + Level 3.9 Fighting
 + Level 3.1 Axes
 + Level 3.5 Armour
 - Level 3.2 Shields
 + Level 1.2 Invocations


You had one spell level left.
You didn't know any spells.
Your spell library contained the following spells:

 Spells                   Type           Power      Damage    Failure   Level
 Blink                    Tloc           0%         N/A       90%         2
 Lesser Beckoning         Tloc           0%         N/A       90%         2
 Momentum Strike          Conj/Tloc      0%         3d8       90%         2
 Stone Arrow              Conj/Erth      0%         3d7       99%         3
 Animate Armour           Summ/Erth      0%         N/A       100%        4
 Lehudib's Crystal Spear  Conj/Erth      0%         10d2      100%        8


Dungeon Overview and Level Annotations

Branches:
Dungeon (2/15)

Altars:


Message History

You slash the hobgoblin!
You kill the hobgoblin!
No target in view!
No target in view!
No target in view!
No target in view!
No target in view!
No target in view!
You see here a hobgoblin corpse.
You open the door.
Done exploring.
Done exploring.
No target in view!
(D) Dungeon
Where to? (? - help)
There is an open door here.
There is a stone staircase leading down here.
You climb downwards.
Found 2 fuming silvery potions.
There is a stone staircase leading up here.
i - 2 fuming silvery potions A rat comes into view.
The rat moves out of view.
As you read the scroll labelled CEMMAL VURAICK, it crumbles to dust.
You feel strangely unstable.
It was a scroll of teleportation.
As you read the scroll labelled XAICVIESIE, it crumbles to dust.
The creatures around you are filled with an inner flame!
It was a scroll of immolation.
The rat bites you but does no damage.
As you read the scroll labelled PIGIEMA WIXKU, it crumbles to dust.
It is a scroll of enchant armour.
Your +0 scale mail glows green for a moment.
The rat closely misses you.
A rat is nearby!
You slash the rat!
The rat explodes!
The fiery explosion engulfs you!!
Ouch! That really hurt!
You are engulfed in blazing flames.
Ouch! That really hurt!
You die...

..### ....###
#########
......
.......<#
....#
#######.#
....# #.#
.§..#
#.#####§§#####
#.....@.§....#
#######..###!#
..# .... ..#..
..##... ...
... #.# .#


There were no monsters in sight!

Vanquished Creatures
  A bat (D:1)
  An endoplasm (D:1)
  A goblin (D:1)
  3 hobgoblins (D:1)
  2 kobolds (D:1)
  A quokka (D:1)
  A ball python (D:1)
  3 rats
13 creatures vanquished.

Notes
Turn   | Place    | Note
-------+----------+-------------------------------------------
     0 | D:1      | Nithhogg the Hill Orc Fighter began the quest for the Orb.
     0 | D:1      | Reached XP level 1. HP: 19/19 MP: 1/1
   141 | D:1      | Reached XP level 2. HP: 27/27 MP: 2/2
   153 | D:1      | Reached skill level 1 in Invocations
   412 | D:2      | Engulfed by a cloud of flame

Illustrated notes

Levels and vault maps discovered:
D:1:      elethiomel_arrival_quiet, layout_basic
D:2:      layout_loops_ring, basic_altar, minivault_27,
          chequers_serial_rivers_small_a, minmay_distorted, uniq_robin

Skill      XL: |  1  2 |
---------------+-------+-----
Axes           | 3 |  3.1
Invocations    | 1 |  1.2
Fighting       | |  3.9
Armour         | |  3.5
Shields        | |  3.2

Action                     || total
---------------------------++-------
  Melee: War axe           ||    25
    Use: Scroll            ||     3
 Armour: Scale mail        ||    14
  Dodge: Dodged            ||    10

Table legend: (Time is in decaauts)
 A = Elapsed time spent in this place.
 B = Non-inter-level travel time spent in this place.
 C = Inter-level travel time spent in this place.
 D = Time resting spent in this place.
 E = Time spent auto-exploring this place.
 F = Levels seen in this place.
 G = Mean time per level.
                   A        B        C        D        E       F      G
               +--------+--------+--------+--------+--------+-----+--------+
         Total |    420 |    410 |     10 |      0 |    327 |   2 |  210.0 |
       Dungeon |    420 |    410 |     10 |      0 |    327 |   2 |  210.0 |
               +--------+--------+--------+--------+--------+-----+--------+

Top non-repeatable levels by time:
     D:1: 406 daAuts
     D:2: 13 daAuts
